 Dungeon Crawl Stone Soup version 0.28.0-43-g3370ac3207 (webtiles) character file.

Game seed: 4258778955943858903

501 fknight the Skirmisher (level 6, -1/84 HPs)
             Began as a Minotaur Berserker on Mar 4, 2022.
             Was a Priest of Trog.
             Slain by an orc
             ... wielding a +0 trident
              (4 damage)
             ... on level 6 of the Dungeon.
             The game lasted 00:15:39 (3565 turns).

fknight the Skirmisher (Minotaur Berserker)         Turns: 3565, Time: 00:15:40

Health: -1/84      AC: 13    Str: 23    XL:     6   Next: 95%
Magic:  5/5        EV: 11    Int:  4    God:    Trog [***...]
Gold:   135        SH:  0    Dex: 10    Spells: 5/5 levels left

rFire   . . .      SeeInvis .   g - +9 long sword "Xitun" {flame, Stlth+}
rCold   . . .      Faith    .   (no shield)
rNeg    + . .      Spirit   .   r - +0 plate armour
rPois   .          Reflect  .   (helmet restricted)
rElec   .          Harm     .   (no cloak)
rCorr   .          Rampage  .   j - +0 pair of gloves
Will    .....                   (no boots)
Stlth   ..........              (no amulet)
HPRegen 0.24/turn               t - +4 ring of evasion
MPRegen 0.09/turn               d - ring of positive energy

@: mighty, berserking (expiring), very quick
A: horns 2, retaliatory headbutt
a: Renounce Religion, Berserk, Trog's Hand


You were on level 6 of the Dungeon.
You worshipped Trog.
Trog was most pleased with you.
You visited 1 branch of the dungeon, and saw 6 of its levels.

You collected 135 gold pieces.

Inventory:

Hand Weapons
 a - a +0 mace
 g - the +9 long sword "Xitun" (weapon) {flame, Stlth+}
   (You found it on level 4 of the Dungeon)

   It burns those it strikes, dealing additional fire damage.
   Big, fiery blades are also staple armaments of hydra-hunters.
   Stlth:     It makes you more stealthy.
 k - a +0 flail
Missiles
 c - 128 stones (quivered)
 f - 2 poisoned darts
 h - 4 javelins
Armour
 b - a +0 animal skin
 j - a +0 pair of gloves (worn)
 l - a +0 chain mail
 o - the +0 robe "Aqester" {rPois}
   (You found it on level 2 of the Dungeon)

   rPois:     It protects you from poison.
 r - a +0 plate armour (worn)
Jewellery
 d - a ring of positive energy (right hand)
 q - a ring of magical power
 t - a +4 ring of evasion (left hand)
Wands
 w - a wand of polymorph (8)
Scrolls
 i - 3 scrolls of fear
Potions
 e - a potion of flight
 p - 2 potions of degeneration
 u - 2 potions of ambrosia {unknown}
 v - 3 potions of curing {unknown}
 x - a potion of mutation {unknown}


   Skills:
 + Level 5.3 Fighting
 + Level 1.9 Long Blades
 + Level 5.1 Maces & Flails
 + Level 4.3 Armour
 + Level 4.0 Dodging
 + Level 2.5 Evocations


You had 5 spell levels left.
You didn't know any spells.
Your spell library was empty.

Dungeon Overview and Level Annotations

Branches:
Dungeon (5/15)
 Temple: D:4-7

Altars:

Shops:
D:1 !   D:2 !   D:3 =   D:4 [([


Innate Abilities, Weirdness & Mutations

You have a pair of horns on your head.
You reflexively headbutt those who attack you in melee.


Message History

The bullfrog zombie closely misses you. The steam dragon bites you.
The steam dragon closely misses you.
The bullfrog zombie hits you but does no damage.
The gnoll hits you from afar with a +0 spear.
The gnoll misses you.
You hit the steam dragon. You burn the steam dragon.
You headbutt the steam dragon.
You kill the steam dragon!
Trog accepts your kill.
The steam dragon scales are intact enough to wear.
The bullfrog zombie hits you but does no damage.
The gnoll hits you from afar with a +0 spear.
Your Maces & Flails skill increases to level 5!
Your Dodging skill increases to level 4!
You slash the bullfrog zombie! You burn the bullfrog zombie.
You destroy the bullfrog zombie!
Trog accepts your kill.
The gnoll hits you from afar with a +0 halberd!
* * * LOW HITPOINT WARNING * * *
The orc hits you but does no damage.
An orc comes into view. It is wielding a +0 dagger.
The gnoll hits you with a +0 halberd!
* * * LOW HITPOINT WARNING * * *
You barely miss the gnoll.
The orc shouts!
You hear a shout!
The gnoll hits you but does no damage. The orc closely misses you.
The gnoll hits you with a +0 halberd!
* * * LOW HITPOINT WARNING * * *
An orc comes into view. It is wielding a +0 hand axe.
You hear a shout!
You slash the gnoll! You burn the gnoll.
You kill the gnoll!
Trog accepts your kill. The orc barely misses you.
The gnoll completely misses you.
You slash the gnoll! You burn the gnoll. You headbutt the gnoll.
You kill the gnoll!
Trog accepts your kill.
An orc comes into view. It is wielding a +0 club.
The orc hits you from afar with a +0 trident.
You die...

############
#..........#
#..........#
#....:..>..#
#.(........#
#.)........#
.##.@........#
....go)..[......#
..##.##.........#
#o #..##.#..### #
#............
#.##[......##
####.###.....
#..D.)......
#...........


You could see a gnoll shaman and 2 orcs.

Vanquished Creatures
  A steam dragon (D:6)
  A bullfrog (D:6)
  A vampire bat (D:3)
  A bullfrog zombie (D:6)
  A hound (D:4)
  A jelly (D:4)
  A bullfrog skeleton (D:5)
  A howler monkey zombie (D:6)
  3 adders
  6 gnolls
  2 ufetubi
  An adder skeleton (D:4)
  3 dart slugs
  2 worms
  3 orcs
  7 endoplasms
  2 giant cockroaches
  2 goblins
  8 hobgoblins
  7 jackals
  7 kobolds
  3 quokkas
  4 ball pythons
  11 bats
  2 frilled lizards
  7 rats
88 creatures vanquished.

Vanquished Creatures (others)
  An iguana (D:6)
1 creature vanquished.

Grand Total: 89 creatures vanquished

Notes
Turn   | Place    | Note
-------+----------+-------------------------------------------
     0 | D:1      | fknight the Minotaur Berserker began the quest for the Orb.
     0 | D:1      | Reached XP level 1. HP: 19/19 MP: 0/0
   274 | D:1      | Reached XP level 2. HP: 27/27 MP: 1/1
   691 | D:1      | Reached ** piety under Trog
   757 | D:1      | Found Zeughes's Distillery.
   801 | D:1      | Reached XP level 3. HP: 33/33 MP: 2/2
   950 | D:2      | Reached skill level 1 in Evocations
  1164 | D:2      | Found Likhlash's Distillery.
  1303 | D:2      | Identified the +0 robe "Aqester" {rPois}
  1420 | D:2      | Found a faded altar of an unknown god.
  1786 | D:3      | Reached XP level 4. HP: 41/41 MP: 3/3
  1859 | D:3      | HP: 2/41 [gnoll/+0 spear (1)]
  1862 | D:3      | Reached XP level 5. HP: 3/47 MP: 4/4
  2346 | D:3      | Found Aso Xuem's Jewellery Shoppe.
  2805 | D:4      | Identified the +9 long sword "Xitun" {flame, Stlth+}
  2812 | D:4      | Found Siogix's Armour Boutique.
  3112 | D:4      | Found Ecoaj's Armour Shop.
  3144 | D:4      | Reached *** piety under Trog
  3177 | D:4      | Found Xaneeg's Antique Weapon Emporium.
  3335 | D:5      | Entered Level 5 of the Dungeon
  3478 | D:5      | Reached XP level 6. HP: 54/55 MP: 5/5
  3524 | D:5      | You fall into a shaft and drop 1 floor!
  3524 | D:6      | Noticed a steam dragon
  3556 | D:6      | Reached skill level 1 in Long Blades
  3558 | D:6      | Reached skill level 5 in Fighting
  3560 | D:6      | Killed a steam dragon
  3561 | D:6      | Reached skill level 5 in Maces & Flails
  3563 | D:6      | HP: 2/84 [gnoll/+0 halberd (9)]
  3565 | D:6      | Slain by an orc

Illustrated notes

Levels and vault maps discovered:
D:1:      dpeg_arrival_tiny_f, layout_basic, serial_shops,
          nicolae_shop_window_shopping, minmay_octomino_e4
D:2:      layout_rooms, serial_shops, shop,
          shapermc_ecumenical_altar_notcrosses, minmay_tree_intersection
D:3:      layout_loops_ring, nicolae_overflow_hidden_temple, serial_shops,
          nicolae_shop_stone, roderic_batcave, kennysheep_pointless_box,
          st_stairs_13
D:4:      layout_basic, serial_shops, nicolae_shop_advertising_works
          [nicolae_subvault_shop_adworks], kennysheep_mini, shop
D:5:      layout_gridville, kennysheep_little_box, minmay_misc_feat_iff
D:6:      layout_rooms, lemuel_doored_altar, minmay_temple_entry_antechambers

Skill      XL: |  1  2  3  4  5  6 |
---------------+-------------------+-----
Maces & Flails | 4 5 |  5.1
Fighting       | 4 5 |  5.3
Armour         | 3 4 |  4.3
Evocations     | 1 2 |  2.5
Dodging        | 3 4 |  4.0
Long Blades    | 1 |  1.9

Action                   |  1- 3 |  4- 6 || total
-------------------------+-------+-------++-------
Melee: Mace              |    99 |    56 ||   155
       Headbutt          |    13 |     8 ||    21
       Punch             |     1 |     1 ||     2
       Long sword        |       |    25 ||    25
Throw: Stone             |    51 |       ||    51
Invok: Berserk           |       |     2 ||     2
  Use: Scroll            |       |     8 ||     8
       Potion            |       |     1 ||     1
 Stab: Sleeping          |     1 |       ||     1
Armor: Animal skin       |    11 |       ||    11
       Plate armour      |    27 |   100 ||   127
       Chain mail        |    14 |       ||    14
Dodge: Dodged            |    76 |    89 ||   165
